[Event "Titled Tuesday Blitz January 10 Late 2023"]
[White "Fiorito, Francisco"]
[Black "Haszon, David"]
[WhiteFideId "180165"]
[BlackFideId "733610"]
[WhiteElo "2305"]
[BlackElo "2264"]
[Result "0-1"]
[Round "07"]
[TimeControl "180+2"]
[Date "2023.01.10"]
[WhiteClock "0:00:06"]
[BlackClock "0:00:32"]

1. e4 c5 2. Nf3 d6 3. Bb5+ Nd7 4. O-O a6 5. Be2 Ngf6 6. Nc3 e6 7. d4 cxd4 8. Nxd4 Be7 9. Be3 O-O 10. Qd2 Qc7 11. Rad1 Nc5 12. f3 b5 13. a3 Bb7 14. Rfe1 Rfd8 15. Bf2 Rac8 16. Bf1 Ncd7 17. g3 Ne5 18. Bg2 Nc4 19. Qc1 Nxa3 20. Nde2 Nc4 21. b3 Nb6 22. Qe3 Nbd7 23. Rd2 d5 24. exd5 Bc5 25. Qg5 Bxf2+ 26. Kxf2 Nxd5 27. Nxd5 Bxd5 28. Nf4 Nf6 29. Re3 h6 30. Qe5 Qxe5 31. Rxe5 Bb7 32. Rxd8+ Rxd8 33. Nd3 Bd5 34. Bf1 Rc8 35. Re2 a5 36. Nb2 Ra8 37. c4 bxc4 38. bxc4 Bc6 39. Nd3 a4 40. Nb4 Be8 41. Rd2 Rb8 42. Na6 Rc8 43. c5 Nd5 44. Rc2 Bc6 45. Bd3 f6 46. f4 Kf7 47. f5 exf5 48. Bxf5 Ra8 49. Bd3 Ra7 50. Bc4 Kg6 51. Nb8 Ne7 52. Nxc6 Nxc6 53. Bd5 Nb4 54. Rd2 Nxd5 55. Rxd5 a3 56. Rd1 a2 57. Ra1 Kf5 58. Ke3 Ke5 59. Kd3 Kd5 60. Kc3 Kxc5 61. h3 Kd5 62. Kd3 Ra3+ 63. Ke2 Ke4 64. Rxa2 Rxa2+ 0-1


[Site "https://www.chess.com"]

[Event "Titled Tuesday Blitz January 10 Late 2023"]
[White "Bon, Michael"]
[Black "Tokhirjonova, Gulrukhbegim"]
[WhiteFideId "620696"]
[BlackFideId "14203626"]
[WhiteElo "2394"]
[BlackElo "2340"]
[Result "1-0"]
[Round "07"]
[TimeControl "180+2"]
[Date "2023.01.10"]
[WhiteClock "0:00:04"]
[BlackClock "0:00:04"]

1. e4 e5 2. Nf3 Nc6 3. Nc3 Nf6 4. Bb5 Bd6 5. d3 O-O 6. a3 h6 7. Bc4 Ne7 8. g4 Ng6 9. g5 hxg5 10. Bxg5 Be7 11. Rg1 Kh7 12. Qe2 c6 13. O-O-O d6 14. d4 Qa5 15. dxe5 dxe5 16. Bd2 b5 17. Nxb5 Qb6 18. Nc3 Rb8 19. Na4 Qb7 20. Ng5+ Kg8 21. Nxf7 Rxf7 22. Rxg6 Bxa3 23. Bc3 Bb4 24. Rd8+ Bf8 25. Bxe5 Ra8 26. Nc5 Qe7 27. Bxf7+ Kxf7 28. Rxf8+ Qxf8 29. Rg5 1-0


[Site "https://www.chess.com"]

[Event "Titled Tuesday Blitz January 10 Late 2023"]
[White "Przybylski, Wojciech"]
[Black "Mortazavi, Ali"]
[WhiteFideId "1117599"]
[BlackFideId "401323"]
[WhiteElo "2321"]
[BlackElo "2333"]
[Result "1-0"]
[Round "07"]
[TimeControl "180+2"]
[Date "2023.01.10"]
[WhiteClock "0:00:02"]
[BlackClock "0:00:08"]

1. d4 Nf6 2. g3 g6 3. Bg2 Bg7 4. a4 a5 5. Nf3 d6 6. O-O O-O 7. c4 Nc6 8. Nc3 Bg4 9. Re1 Nd7 10. Nb5 Nb4 11. h3 Bf5 12. e4 Be6 13. d5 Nc5 14. dxe6 fxe6 15. Re3 Qd7 16. h4 e5 17. Ng5 e6 18. Bh3 h6 19. Nf3 Qf7 20. Raa3 Kh7 21. Bg2 Rad8 22. Qe2 Qe7 23. h5 g5 24. Bd2 Rf7 25. Bxb4 axb4 26. Ra1 c6 27. Na3 bxa3 28. b4 Na6 29. b5 Nc5 30. Rexa3 Rdf8 31. Rf1 Qc7 32. Nh2 Bf6 33. Ng4 Bd8 34. a5 Qb8 35. a6 bxa6 36. bxa6 Qa7 37. Rb1 Bb6 38. Qb2 Nd7 39. Rf1 Bc5 40. Ra2 Rb8 41. Qc2 Rb6 42. Bh3 Bd4 43. Qd2 Nc5 44. Qc2 Rxa6 45. Rxa6 Qxa6 46. Rb1 Qa4 47. Qxa4 Nxa4 48. Rb8 Nc3 49. Re8 Nxe4 50. Rxe6 Nxf2 51. Kg2 Nxg4 52. Bxg4 Bc5 53. Bf3 Rc7 54. Be4+ Kg7 55. Rg6+ Kf8 56. Rxh6 Rg7 57. Rh8+ Ke7 58. h6 Rf7 59. h7 Rf2+ 60. Kh3 Rd2 61. Rb8 Bg1 62. Kg4 Rd4 63. h8=Q Rxe4+ 64. Kf5 Rf4+ 65. gxf4 Kf7 66. Qf6# 1-0


[Site "https://www.chess.com"]

[Event "Titled Tuesday Blitz January 10 Late 2023"]
[White "Petukhov, Dmitry"]
[Black "Roman, Rodrigo"]
[WhiteFideId "4142748"]
[BlackFideId "3701220"]
[WhiteElo "2350"]
[BlackElo "2058"]
[Result "1-0"]
[Round "07"]
[TimeControl "180+2"]
[Date "2023.01.10"]
[WhiteClock "0:01:20"]
[BlackClock "0:00:13"]

1. e4 c5 2. c3 Nc6 3. Nf3 Nf6 4. e5 Nd5 5. d4 cxd4 6. Bc4 e6 7. cxd4 d6 8. O-O dxe5 9. dxe5 Nb6 10. Qxd8+ Nxd8 11. Bb3 Bd7 12. Nc3 Rc8 13. Be3 Be7 14. Rfd1 Bc6 15. Nd4 Nd7 16. Nxc6 Nxc6 17. Nb5 a6 18. Nd6+ Bxd6 19. exd6 Na5 20. Rac1 O-O 21. Rc7 Nf6 22. Rxc8 Rxc8 23. d7 Rd8 24. Bb6 Rxd7 25. Rxd7 Nxd7 26. Bxa5 Nc5 27. Bb6 Nd7 28. Be3 b5 29. a4 Kf8 30. Bc2 Ke7 31. a5 f5 32. Bd1 g6 33. Bf3 Kd6 34. Bb7 Nb8 35. Bb6 e5 36. f3 e4 37. fxe4 fxe4 38. Bxe4 b4 39. b3 g5 40. Bxh7 Nd7 41. Bd3 Ne5 42. Bxa6 Ng4 43. Be2 Nf6 44. a6 Nd7 45. Be3 Kc7 46. Bf3 Ne5 47. a7 Nxf3+ 48. gxf3 Kb7 49. Kf2 Ka8 50. Kg3 Kb7 51. Kg4 Ka8 52. Kxg5 Kb7 53. h4 Ka8 54. h5 Kb7 55. h6 Ka8 56. h7 Kb7 57. h8=Q Kc6 58. a8=Q+ Kd6 59. Qd4+ Ke7 60. Qf6+ Kd7 61. Qac6# 1-0


[Site "https://www.chess.com"]

[Event "Titled Tuesday Blitz January 10 Late 2023"]
[White "Al-Tarboush, Ward"]
[Black "Skaric, Djuro"]
[WhiteFideId "7601450"]
[BlackFideId "934569"]
[WhiteElo "2256"]
[BlackElo "2334"]
[Result "1-0"]
[Round "07"]
[TimeControl "180+2"]
[Date "2023.01.10"]
[WhiteClock "0:01:50"]
[BlackClock "0:01:31"]

1. e4 d6 2. d4 g6 3. Nf3 Bg7 4. c3 Nf6 5. Bd3 O-O 6. Nbd2 Nc6 7. Nf1 e5 8. Ng3 Nd7 9. Be3 Nb6 10. h4 Bg4 11. h5 exd4 12. cxd4 Nxd4 13. hxg6 fxg6 14. Bxd4 Bxf3 15. gxf3 Bxd4 16. Bc4+ Nxc4 17. Qxd4 Ne5 18. O-O-O Rxf3 19. Qd5+ Kg7 20. Rdg1 Kh8 21. Qe6 Qg5+ 22. Kb1 Rf6 23. Qe7 Nf7 24. Nf5 Rxf5 25. Rxg5 1-0


[Site "https://www.chess.com"]

[Event "Titled Tuesday Blitz January 10 Late 2023"]
[White "Itkis, Boris"]
[Black "Berezin, Viktor"]
[WhiteFideId "1209167"]
[BlackFideId "14107872"]
[WhiteElo "2329"]
[BlackElo "2307"]
[Result "1-0"]
[Round "07"]
[TimeControl "180+2"]
[Date "2023.01.10"]
[WhiteClock "0:00:11"]
[BlackClock "0:00:08"]

1. c4 Nf6 2. Nf3 g6 3. g3 Bg7 4. d4 O-O 5. Bg2 d6 6. O-O Nc6 7. d5 Na5 8. Na3 c5 9. Re1 a6 10. e4 Rb8 11. Rb1 b5 12. cxb5 axb5 13. b4 cxb4 14. Rxb4 Nd7 15. Rxb5 Rxb5 16. Nxb5 Ba6 17. Nbd4 Qb6 18. Be3 Nc5 19. Nb3 Naxb3 20. axb3 Qb4 21. Bxc5 Qxc5 22. Bf1 Bxf1 23. Kxf1 Rb8 24. Re3 h6 25. Kg2 Rb4 26. Ne1 Rd4 27. Qc2 Qxc2 28. Nxc2 Rd2 29. Na3 Bd4 30. Rf3 Re2 31. Nb5 Bc5 32. Nc3 Rc2 33. Kf1 g5 34. h3 h5 35. g4 hxg4 36. hxg4 f6 37. Kg2 Kg7 38. Kg3 Bd4 39. Nd1 Re2 40. Ne3 Be5+ 41. Kg2 Kf7 42. Rh3 Bd4 43. Rf3 Rb2 44. Nf5 Bc5 45. Kg3 Ke8 46. Ne3 Kd7 47. Nc4 Rc2 48. Kg2 Bd4 49. Ne3 Rb2 50. Nf5 Be5 51. Rh3 Bc3 52. Rh7 Rxb3 53. Rxe7+ Kd8 54. Re6 Be5 55. Nxd6 Bd4 56. Nf5 Bc5 57. Rxf6 Rb2 58. Nh6 Ke7 59. Rf5 Kd6 60. Nf7+ Ke7 61. Nxg5 Kd6 62. Ne6 Ba7 63. g5 Rb8 64. g6 Rg8 65. g7 Ke7 66. Rf8 Rxg7+ 67. Nxg7 Kxf8 68. Nf5 Kf7 69. f4 Bb8 70. Kf3 Kf6 71. Ne3 Ke7 72. Ng4 Bc7 73. e5 Ba5 74. Ke4 Be1 75. d6+ Kd7 76. Ne3 Bg3 77. f5 Bh2 78. Kd5 Bf4 79. Nc4 Bh2 80. e6+ Ke8 81. Ne5 Kd8 82. Nc6+ Kc8 83. d7+ Kb7 84. d8=Q Ka6 85. Qa8+ Kb6 86. Qa5+ Kb7 87. Nd8+ Kc8 88. e7 Bc7 89. Qxc7+ Kxc7 90. e8=Q Kb6 91. Qc6+ Ka7 92. Qb7# 1-0


[Site "https://www.chess.com"]

[Event "Titled Tuesday Blitz January 10 Late 2023"]
[White "Abdulla, Murad"]
[Black "Hoffmann, Asa"]
[WhiteFideId "2403757"]
[BlackFideId "2001470"]
[WhiteElo "2307"]
[BlackElo "2185"]
[Result "1/2-1/2"]
[Round "07"]
[TimeControl "180+2"]
[Date "2023.01.10"]
[WhiteClock "0:00:15"]
[BlackClock "0:00:32"]

1. e4 d6 2. d4 Nf6 3. Nc3 c6 4. a4 Qa5 5. Bd3 e5 6. Ne2 Be7 7. O-O O-O 8. h3 Nbd7 9. Be3 d5 10. exd5 cxd5 11. dxe5 Nxe5 12. Bd4 Nc6 13. Bb5 Bf5 14. Rb1 a6 15. Bd3 Bg6 16. Bxg6 hxg6 17. Bxf6 Bxf6 18. Nxd5 Rfd8 19. c4 b5 20. axb5 axb5 21. b3 bxc4 22. bxc4 Qc5 23. Qc1 Ne5 24. Qf4 Qxc4 25. Nxf6+ gxf6 26. Qxf6 Qxe2 27. Rbe1 Nf3+ 28. Qxf3 Qxf3 29. gxf3 Rd5 30. Re4 Rf5 31. Kg2 Ra3 32. Re3 Ra2 33. h4 Kg7 34. Rfe1 Rh5 35. Kg3 g5 36. Re4 Rxh4 37. Rxh4 gxh4+ 38. Kxh4 Rxf2 39. Kg4 Rb2 40. Kf4 Kf6 41. Re4 Rb3 42. Ra4 Kg6 43. Ra6+ f6 44. Kg4 Rb4+ 45. f4 Rc4 46. Rb6 Ra4 47. Rc6 Rb4 48. Ra6 Rc4 49. Ra8 Rb4 50. Rg8+ Kf7 51. Rh8 Rc4 52. Rd8 Ke7 53. Ra8 Kf7 54. Kf5 Rc5+ 55. Kg4 Kg6 56. Ra7 f5+ 57. Kh4 Rc3 58. Ra6+ Kf7 59. Kg5 Rc5 60. Rf6+ Kg7 61. Rxf5 Rxf5+ 62. Kxf5 Kf7 63. Ke5 Ke7 64. f5 Kf7 65. f6 Kf8 66. Kf5 Kf7 67. Kg5 Kf8 68. Kg6 Kg8 69. Kf5 Kf7 70. Ke5 Kf8 71. Ke6 Ke8 72. Kd6 Kf7 73. Ke5 1/2-1/2


[Site "https://www.chess.com"]

[Event "Titled Tuesday Blitz January 10 Late 2023"]
[White "Tyagi, Kushan"]
[Black "Kleiman, Jake"]
[WhiteFideId "2040069"]
[BlackFideId "2020041"]
[WhiteElo "2060"]
[BlackElo "2399"]
[Result "0-1"]
[Round "07"]
[TimeControl "180+2"]
[Date "2023.01.10"]
[WhiteClock "0:00:02"]
[BlackClock "0:00:27"]

1. d4 Nf6 2. c4 e6 3. g3 Bb4+ 4. Bd2 Bxd2+ 5. Nxd2 O-O 6. Bg2 d6 7. e3 e5 8. Ne2 Re8 9. O-O c5 10. a3 Nc6 11. Rb1 exd4 12. exd4 Bf5 13. Bxc6 bxc6 14. Rc1 Bd3 15. Re1 Bxe2 16. Rxe2 cxd4 17. c5 dxc5 18. Rxc5 d3 19. Rxe8+ Qxe8 20. Qc1 Rc8 21. Qc3 Qe1+ 22. Nf1 Qe4 23. Rc4 Qf3 24. Rf4 Qe2 25. Rd4 Ne4 26. Qxd3 Qxf2+ 27. Kh1 f5 28. Rd8+ Rxd8 29. Qxd8+ Kf7 30. Qd7+ Kg6 31. Qe6+ Nf6 32. Qc4 h6 33. Qf4 Qxf4 34. gxf4 Nd5 35. Nd2 Nxf4 36. Nc4 Nd3 37. b4 Kf6 38. Kg2 Ke6 39. Kf3 Ne5+ 0-1


[Site "https://www.chess.com"]

[Event "Titled Tuesday Blitz January 10 Late 2023"]
[White "Defend, Balint"]
[Black "Skurikhin, Dmitrij"]
[WhiteFideId "17004853"]
[BlackFideId "4161297"]
[WhiteElo "1673"]
[BlackElo "2297"]
[Result "1-0"]
[Round "07"]
[TimeControl "180+2"]
[Date "2023.01.10"]
[WhiteClock "0:01:07"]
[BlackClock "0:00:18"]

1. e4 e6 2. d4 d5 3. Nc3 Nf6 4. e5 Nfd7 5. f4 c5 6. Nf3 Nc6 7. Ne2 Qb6 8. c3 Be7 9. g3 f6 10. Bh3 O-O 11. Bxe6+ Kh8 12. exf6 Nxf6 13. Bxc8 Raxc8 14. O-O cxd4 15. Nexd4 Ne4 16. Kg2 Bc5 17. Nxc6 bxc6 18. Nd4 Rce8 19. Qd3 Nf6 20. b4 Bxd4 21. Qxd4 Qb5 22. a4 Qe2+ 23. Rf2 Qh5 24. h3 Re2 25. Be3 Ne4 26. g4 Rxf2+ 27. Bxf2 Qf7 28. Be3 h5 29. Rf1 Qg6 30. f5 Qd6 31. Bf4 Qd7 32. Be5 Kg8 33. Rf4 Rf7 34. c4 Nf6 35. Bxf6 Rxf6 36. cxd5 cxd5 37. b5 Rd6 38. Rf3 hxg4 39. hxg4 Qe7 40. Re3 Qg5 41. Re6 Rd8 42. Rg6 Qe7 43. Kh3 Qf7 44. Ra6 Rd7 45. Re6 Kh7 46. Qe5 Kg8 47. Kh4 d4 48. Re8+ Kh7 49. g5 1-0


[Site "https://www.chess.com"]

[Event "Titled Tuesday Blitz January 10 Late 2023"]
[White "Osmonbekov, Talaibek"]
[Black "Martynov, Pavel"]
[WhiteFideId "2017253"]
[BlackFideId "4101260"]
[WhiteElo "2137"]
[BlackElo "2414"]
[Result "1-0"]
[Round "07"]
[TimeControl "180+2"]
[Date "2023.01.10"]
[WhiteClock "0:00:21"]
[BlackClock "0:00:20"]

1. d4 d5 2. Bf4 e6 3. Nc3 a6 4. e4 dxe4 5. Nxe4 Bd6 6. Nxd6+ cxd6 7. Qg4 g6 8. Bg5 e5 9. Qh4 f6 10. Be3 Qa5+ 11. c3 Nd7 12. Bc4 Ne7 13. Be6 h5 14. Bxd7+ Bxd7 15. Qxf6 Rf8 16. Qxd6 Bc6 17. Nf3 Rd8 18. Qxe5 Rd5 19. Qg3 Qb5 20. O-O-O Qa4 21. Kb1 Rb5 22. Ne5 Bd5 23. c4 Bxc4 24. Nxc4 Qxc4 25. Rhe1 Rff5 26. Bc1 Kf7 27. Qe3 Qb4 28. Qe6+ Kf8 29. Bh6+ Ke8 30. Qc8+ Kf7 31. Qf8# 1-0


[Site "https://www.chess.com"]

[Event "Titled Tuesday Blitz January 10 Late 2023"]
[White "reevecanada"]
[Black "Marcolino, Daniel Mattos"]
[BlackFideId "2106841"]
[WhiteElo "2497"]
[BlackElo "2006"]
[Result "1-0"]
[Round "07"]
[TimeControl "180+2"]
[Date "2023.01.10"]
[WhiteClock "0:01:42"]
[BlackClock "0:01:35"]

1. e4 c6 2. Nf3 d5 3. Nc3 Bg4 4. exd5 cxd5 5. Bb5+ Nc6 6. d4 Nf6 7. Bg5 Ne4 8. Bd2 Qb6 9. Nxd5 Qd8 10. Nc3 Nxd2 11. Qxd2 e6 12. O-O-O Bb4 13. d5 exd5 14. Rhe1+ Be6 15. Nd4 O-O 16. Nxe6 fxe6 17. Rxe6 Qa5 18. Qxd5 Kh8 19. Bxc6 b6 1-0


[Site "https://www.chess.com"]

[Event "Titled Tuesday Blitz January 10 Late 2023"]
[White "Rodriguez Fontecha, Marcos"]
[Black "Curtis, John"]
[WhiteFideId "2256576"]
[BlackFideId "3200256"]
[WhiteElo "2309"]
[BlackElo "2292"]
[Result "1/2-1/2"]
[Round "07"]
[TimeControl "180+2"]
[Date "2023.01.10"]
[WhiteClock "0:00:04"]
[BlackClock "0:00:14"]

1. e4 c5 2. Nc3 d6 3. g3 Nc6 4. Bg2 g6 5. d3 Bg7 6. Be3 e5 7. Qd2 Qa5 8. Nge2 Nd4 9. O-O Ne7 10. f4 Bg4 11. Qd1 exf4 12. gxf4 O-O 13. f5 gxf5 14. Rc1 fxe4 15. dxe4 f5 16. Qd3 fxe4 17. Bxe4 Nxe2+ 18. Nxe2 Kh8 19. Nc3 d5 20. Nxd5 Nxd5 21. Bxd5 Rae8 22. Bd2 Qb6 23. Kh1 Qg6 24. Qxg6 hxg6 25. Rxf8+ Rxf8 26. Bxb7 Bxb2 27. Rb1 Bd4 28. c3 Bf2 29. Kg2 c4 30. Rf1 Bc5 31. Rxf8+ Bxf8 32. Bd5 Be2 33. Kf2 Bd3 34. Ke3 Bc5+ 35. Kf4 Bd6+ 36. Kg5 Kh7 37. h4 Be7+ 38. Kg4 Bf5+ 39. Kf4 Bd3 40. Kg4 Be2+ 41. Kg3 Bd3 42. Bg5 Bf8 43. Kf3 Bg7 44. Bd2 Bf6 45. Kg3 Kg7 46. Kg4 Bf5+ 47. Kg3 Bd3 48. Kg4 Be5 49. h5 gxh5+ 50. Kxh5 Kf6 51. Kg4 Bf5+ 52. Kf3 Be6 53. Bxe6 Kxe6 54. Ke4 Bg7 55. Be1 Kd6 56. Bf2 a6 57. Bd4 Bh6 58. Be3 Kc6 59. Bxh6 Kb5 60. Kd4 a5 61. Bf8 Ka4 62. Kxc4 1/2-1/2


[Site "https://www.chess.com"]

[Event "Titled Tuesday Blitz January 10 Late 2023"]
[White "Andrews, Todd"]
[Black "Tan, Zhongyi"]
[WhiteFideId "2012456"]
[BlackFideId "8603642"]
[WhiteElo "2220"]
[BlackElo "2517"]
[Result "1-0"]
[Round "07"]
[TimeControl "180+2"]
[Date "2023.01.10"]
[WhiteClock "0:00:29"]
[BlackClock "0:00:04"]

1. e4 e5 2. Nf3 Nf6 3. d4 Nxe4 4. Bd3 Nc6 5. dxe5 d5 6. O-O Nc5 7. Bb5 Be7 8. Nc3 Be6 9. Re1 O-O 10. Bxc6 bxc6 11. Nd4 Qd7 12. f4 Bg4 13. Qd2 Ne6 14. Qf2 c5 15. Nf3 d4 16. Ne4 c4 17. Kh1 Rad8 18. h3 Bxf3 19. Qxf3 Nc5 20. f5 Nxe4 21. Rxe4 f6 22. e6 Qd5 23. Bf4 c5 24. Bd2 d3 25. c3 Rb8 26. Bh6 Rfd8 27. Qg4 Bf8 28. e7 Qf7 29. exd8=Q Rxd8 30. Bd2 h5 31. Qg6 Qd5 32. Rae1 Rb8 33. Re8 Rxe8 34. Qxe8 Qb7 35. Qe6+ Kh7 36. Qe8 Kg8 37. Qxh5 Qxb2 38. Qd1 Qxa2 39. Re8 Qa6 40. Qe1 1-0


[Site "https://www.chess.com"]

[Event "Titled Tuesday Blitz January 10 Late 2023"]
[White "Barria Zuniga, Daniel"]
[Black "Dudzinski, Pawel"]
[WhiteFideId "3400816"]
[BlackFideId "1117890"]
[WhiteElo "2341"]
[BlackElo "2186"]
[Result "1-0"]
[Round "07"]
[TimeControl "180+2"]
[Date "2023.01.10"]
[WhiteClock "0:01:06"]
[BlackClock "0:01:01"]

1. d4 d5 2. c4 c6 3. Nf3 e6 4. Nc3 f5 5. Bg5 Nf6 6. e3 Be7 7. Bd3 O-O 8. O-O Bd7 9. Qc2 Be8 10. b4 Ne4 11. Bxe7 Qxe7 12. b5 Nxc3 13. Qxc3 dxc4 14. Bxc4 cxb5 15. Bb3 Nc6 16. Rac1 b4 17. Qc5 Rf7 18. d5 Qxc5 19. Rxc5 Nd8 20. dxe6 Re7 21. Rxf5 Nxe6 22. Ng5 Bd7 23. Rd1 Rae8 24. h4 Bc8 25. Rb5 b6 26. Rxb4 h6 27. Nxe6 Bxe6 28. Bxe6+ Rxe6 29. Rd7 R8e7 30. Rxe7 Rxe7 31. a4 Re5 32. g4 h5 33. g5 Kf7 34. Kg2 Kg6 35. Kf3 Rf5+ 36. Kg3 Re5 37. e4 Rc5 38. Rd4 Rc3+ 39. f3 Ra3 40. Kf4 a6 41. Rd6+ Kh7 42. Rxb6 Rxa4 43. Kf5 Ra3 44. f4 Rh3 45. g6+ Kh6 46. Rb8 Rxh4 47. Rh8# 1-0


[Site "https://www.chess.com"]

[Event "Titled Tuesday Blitz January 10 Late 2023"]
[White "Leiva, Gianmarco"]
[Black "Yashmetov, Mikhail"]
[WhiteFideId "3804399"]
[BlackFideId "24198900"]
[WhiteElo "2392"]
[BlackElo "2323"]
[Result "1-0"]
[Round "07"]
[TimeControl "180+2"]
[Date "2023.01.10"]
[WhiteClock "0:00:18"]
[BlackClock "0:00:16"]

1. e4 c5 2. Nf3 Nc6 3. Bb5 g6 4. O-O Bg7 5. Re1 e5 6. c3 Nge7 7. d3 O-O 8. a3 d6 9. b4 Be6 10. Be3 b6 11. Nbd2 a6 12. Ba4 Rc8 13. Bb3 Qd7 14. Bxe6 Qxe6 15. Qb3 Qxb3 16. Nxb3 Nd8 17. Rac1 Ne6 18. d4 exd4 19. cxd4 c4 20. Nbd2 b5 21. d5 Nc7 22. Bd4 f5 23. Bxg7 Kxg7 24. e5 Ncxd5 25. exd6 Nc6 26. Ng5 Rf6 27. d7 Ra8 28. Re8 Rf8 29. Ne6+ Kf7 30. Nxf8 Rxe8 31. dxe8=Q+ Kxe8 32. Ne6 Ke7 33. Nc5 a5 34. Re1+ Kd6 35. Re6+ Kc7 36. bxa5 Nxa5 37. Nf3 c3 38. Nd4 b4 39. axb4 Nxb4 40. Nb5+ Kd8 41. Nxc3 Nc4 42. Nb5 Nd5 43. Nd6 Ncb6 44. Re5 Nc7 45. Re1 Nd7 46. Ne6+ Nxe6 47. Rxe6 Kc7 48. Ne8+ Kd8 49. Nf6 Nc5 50. Rd6+ Ke7 51. Rc6 Ne6 52. Nxh7 g5 53. Rxe6+ Kxe6 54. Nxg5+ Ke5 55. g3 Kf6 56. f4 Kg6 57. Kf2 Kh5 58. Kf3 Kg6 59. Ke3 Kh5 60. Kd3 Kg4 61. Kd4 Kh5 62. Kd5 Kh6 63. Ke5 Kh5 64. Kxf5 Kh6 65. Ne4 Kh5 66. Ke6 Kh6 67. f5 Kh5 68. f6 Kg6 69. f7 Kg7 70. Ke7 Kh7 71. f8=Q 1-0


[Site "https://www.chess.com"]

[Event "Titled Tuesday Blitz January 10 Late 2023"]
[White "Bjelobrk, Igor"]
[Black "Seletsky, Grigory"]
[WhiteFideId "4300726"]
[BlackFideId "14112191"]
[WhiteElo "2403"]
[BlackElo "2259"]
[Result "1-0"]
[Round "07"]
[TimeControl "180+2"]
[Date "2023.01.10"]
[WhiteClock "0:00:42"]
[BlackClock "0:00:10"]

1. Nf3 d5 2. g3 Nf6 3. Bg2 c6 4. O-O Bf5 5. c4 e6 6. cxd5 exd5 7. d3 Be7 8. Qb3 Qb6 9. Qc2 h6 10. Nc3 Nbd7 11. e4 dxe4 12. dxe4 Bh7 13. Be3 Qa5 14. Nd4 O-O 15. Rad1 Rad8 16. h3 Rfe8 17. Nb3 Qa6 18. Rfe1 b5 19. a3 Bf8 20. f3 Ne5 21. Qe2 Nc4 22. Bf2 Nd5 23. Nb1 Ndb6 24. Nd4 Qc8 25. b3 Ne5 26. Rc1 Qb7 27. f4 Ned7 28. Nxc6 Rc8 29. e5 Qa6 30. a4 Bxb1 31. Rxb1 Bc5 32. Qxb5 1-0


[Site "https://www.chess.com"]

[Event "Titled Tuesday Blitz January 10 Late 2023"]
[White "Winterberg, Lukas"]
[Black "Novikova, Galina"]
[WhiteFideId "24622702"]
[BlackFideId "4157095"]
[WhiteElo "2402"]
[BlackElo "2073"]
[Result "1-0"]
[Round "07"]
[TimeControl "180+2"]
[Date "2023.01.10"]
[WhiteClock "0:00:55"]
[BlackClock "0:00:09"]

1. b3 e6 2. Bb2 d5 3. c4 Nf6 4. Nf3 Be7 5. g3 O-O 6. Bg2 b6 7. O-O Bb7 8. e3 Nbd7 9. Qe2 dxc4 10. bxc4 c5 11. Rd1 Qc7 12. d3 Rad8 13. Nbd2 Bc6 14. a4 Qb7 15. a5 e5 16. axb6 axb6 17. Ne1 Bxg2 18. Nxg2 Rfe8 19. Bc3 Bd6 20. Rab1 Ra8 21. Rb2 Ra3 22. Rb3 Rea8 23. Rdb1 Rxb3 24. Nxb3 h5 25. Nh4 g6 26. Qf3 Qxf3 27. Nxf3 Kf8 28. Ra1 Rxa1+ 29. Bxa1 Ke7 30. Kg2 Ke6 31. Nbd2 Bc7 32. Ng5+ Ke7 33. h3 Nb8 34. Nge4 Nxe4 35. Nxe4 Nc6 36. Kf3 Nb4 37. Ke2 f5 38. Nc3 Ke6 39. f3 e4 40. dxe4 Bxg3 41. exf5+ Kxf5 42. e4+ Kg5 43. Nd5 Kh4 44. e5 Kxh3 45. e6 Bd6 46. Be5 Bf8 47. Nf4+ Kh2 48. Nxg6+ 1-0


[Site "https://www.chess.com"]

[Event "Titled Tuesday Blitz January 10 Late 2023"]
[White "Boder, Jan"]
[Black "Musovic, Armin"]
[WhiteFideId "16243226"]
[BlackFideId "939935"]
[WhiteElo "2294"]
[BlackElo "2261"]
[Result "1-0"]
[Round "07"]
[TimeControl "180+2"]
[Date "2023.01.10"]
[WhiteClock "0:00:49"]
[BlackClock "0:00:18"]

1. c4 e5 2. g3 Nf6 3. Bg2 c6 4. Nf3 e4 5. Nd4 d5 6. cxd5 Bc5 7. Nb3 Bb6 8. O-O O-O 9. d3 exd3 10. Qxd3 h6 11. Nc3 cxd5 12. Nxd5 Nc6 13. Bd2 Nxd5 14. Bxd5 Bh3 15. Rfd1 Qf6 16. Qf3 Qxf3 17. Bxf3 Rfe8 18. Bc3 g5 19. e3 Rad8 20. Bf6 Rc8 21. g4 Ne5 22. Bxe5 Rxe5 23. Nd4 Rd8 24. Nf5 Rxd1+ 25. Rxd1 h5 26. Nd6 hxg4 27. Bg2 Rc5 28. Bxb7 Rc2 29. Bd5 Rxb2 30. Nxf7 Kg7 31. Nxg5 Kf6 32. Ne4+ Ke5 33. Ng3 Rc2 34. Bb3 Rc5 35. Ne2 Rc8 36. Nf4 Rb8 37. Rd5+ Kf6 38. Rh5 Rc8 39. Nxh3 Rc1+ 40. Kg2 gxh3+ 41. Rxh3 Rb1 42. Rh6+ Kg7 43. Re6 Rb2 44. h4 Rd2 45. h5 Rd7 46. h6+ Kh7 47. Bc2+ Kg8 48. Re8+ Kf7 49. h7 Kxe8 50. h8=Q+ Ke7 51. Bf5 Rd1 52. Qe5+ Kd8 53. Qe6 Kc7 54. e4 Rd2 55. e5 Rxf2+ 56. Kg3 Rd2 57. Qc8# 1-0


[Site "https://www.chess.com"]

[Event "Titled Tuesday Blitz January 10 Late 2023"]
[White "Martinez, Marcel"]
[Black "Gutkin, Ilya"]
[WhiteFideId "2016249"]
[BlackFideId "16203470"]
[WhiteElo "2402"]
[BlackElo "2273"]
[Result "1-0"]
[Round "07"]
[TimeControl "180+2"]
[Date "2023.01.10"]
[WhiteClock "0:00:07"]
[BlackClock "0:00:03"]

1. e4 e6 2. d4 d5 3. Nc3 Nf6 4. e5 Nfd7 5. Nce2 c5 6. c3 Nc6 7. Nf3 cxd4 8. cxd4 f6 9. Nf4 Bb4+ 10. Bd2 Qe7 11. Bb5 fxe5 12. Nxe5 Ndxe5 13. dxe5 O-O 14. Nd3 Bxd2+ 15. Qxd2 Nd4 16. Ba4 Bd7 17. Bxd7 Qxd7 18. Nc5 Qb5 19. Qxd4 Rac8 20. Rc1 b6 21. Nd3 Qxd3 22. Qxd3 Rxc1+ 23. Ke2 Rxh1 24. Qg3 Rc1 25. Qh3 Rf5 26. f4 Rc2+ 27. Ke3 Rxb2 28. g4 Rf8 29. f5 Rxa2 30. Kf4 exf5 31. gxf5 Rf2+ 32. Ke3 R2xf5 33. Kd4 g6 34. Qb3 Re8 35. Qxd5+ Rf7 36. Qc6 Rfe7 37. Qc4+ Kg7 38. e6 Rxe6 39. Qc7+ R8e7 40. Qb8 Re5 41. h4 b5 42. Kc3 a5 43. Kd4 b4 44. Qd6 Re1 45. Qg3 R1e5 46. Kc4 Re4+ 47. Kb5 b3 48. Qc3+ Kh6 49. Qd2+ Kh5 50. Qg5# 1-0


[Site "https://www.chess.com"]

[Event "Titled Tuesday Blitz January 10 Late 2023"]
[White "Suvorov, Luca"]
[Black "Gatterer, Florian"]
[WhiteFideId "12977071"]
[BlackFideId "811688"]
[WhiteElo "2310"]
[BlackElo "2170"]
[Result "1-0"]
[Round "07"]
[TimeControl "180+2"]
[Date "2023.01.10"]
[WhiteClock "0:00:40"]
[BlackClock "0:00:30"]

1. d4 Nf6 2. c4 g6 3. g3 c6 4. Bg2 d5 5. Nc3 Bg7 6. Nf3 O-O 7. O-O dxc4 8. e4 Bg4 9. Be3 e5 10. dxe5 Nfd7 11. e6 fxe6 12. h3 Bxf3 13. Bxf3 Ne5 14. Be2 Nd3 15. Qc2 Nb4 16. Qa4 Nd3 17. Qxc4 Nxb2 18. Qxe6+ Kh8 19. Rac1 Na6 20. Qb3 Nd3 21. Rcd1 Nab4 22. a3 Qf6 23. axb4 Qxc3 24. Qxc3 Bxc3 25. Rxd3 Be5 26. Bd4 Bxd4 27. Rxd4 a5 28. bxa5 Rxa5 29. Rd7 Ra7 30. e5 Ra2 31. Re1 Re8 32. f4 b5 33. Rc7 Rc2 34. Bd3 Rc3 35. Rd7 b4 36. g4 b3 37. f5 gxf5 38. Bxf5 b2 39. e6 Rc1 40. Rdd1 Kg7 41. Rxc1 bxc1=Q 42. Rxc1 Kf6 43. Rxc6 Ke5 44. Rc7 Kf4 45. Rxh7 Ra8 46. Rc7 Kg3 47. Rc3+ Kf4 48. Kf2 Ra2+ 49. Rc2 Ra3 50. Re2 Rf3+ 51. Ke1 Ra3 52. e7 Ra1+ 53. Kf2 Ra3 54. e8=Q Rf3+ 55. Ke1 1-0


[Site "https://www.chess.com"]

[Event "Titled Tuesday Blitz January 10 Late 2023"]
[White "Bambino Filho, Antonio Carlos"]
[Black "Silva, Caio Henrique Angelico"]
[WhiteFideId "2113163"]
[BlackFideId "22777210"]
[WhiteElo "2144"]
[BlackElo "2129"]
[Result "1/2-1/2"]
[Round "07"]
[TimeControl "180+2"]
[Date "2023.01.10"]
[WhiteClock "0:00:44"]
[BlackClock "0:00:49"]

1. d4 Nf6 2. c4 g6 3. Nc3 d5 4. cxd5 Nxd5 5. e4 Nxc3 6. bxc3 Bg7 7. Be3 c5 8. Rc1 Qa5 9. Qd2 Nc6 10. d5 Ne5 11. Be2 O-O 12. f4 Ng4 13. Bxg4 Bxg4 14. h3 Bd7 15. Nf3 e6 16. c4 Qxd2+ 17. Nxd2 b6 18. O-O Rfe8 19. Bf2 Rad8 20. Rfe1 Bc8 21. a4 exd5 22. cxd5 f5 23. a5 fxe4 24. Nxe4 Bf5 25. Ng5 Rxe1+ 26. Rxe1 Bf6 27. axb6 axb6 28. Ne4 Bxe4 29. Rxe4 Rxd5 30. Re6 Kf7 31. Rxb6 c4 32. Rc6 c3 33. g4 Rd1+ 34. Kg2 Rd2 35. Kf3 Rd3+ 36. Be3 Bd4 37. Ke4 Rxe3+ 38. Kxd4 Rxh3 39. g5 Rf3 40. Ke4 Rh3 41. Ke5 Re3+ 42. Kd4 Rf3 43. Ke4 Rh3 44. Ke5 Re3+ 45. Kd5 Rd3+ 46. Ke4 Rh3 1/2-1/2


[Site "https://www.chess.com"]